 Dungeon Crawl Stone Soup version 0.30.1-3-gfc49f6343a (webtiles) character file.

Game seed: 7700891846508130537

4137 javelincjr the Covert (level 10, -3/56 HPs)
             Began as an Octopode Summoner on Aug 9, 2023.
             Was a Priest of Sif Muna.
             Engulfed by a steam dragon's steam (6 damage)
             ... on level 8 of the Dungeon.
             The game lasted 00:44:32 (9469 turns).

javelincjr the Covert (Octopode Summoner)           Turns: 9469, Time: 00:44:33

Health: -3/56      AC:  1    Str: 13    XL:     10   Next: 27%
Magic:  15/20      EV: 30    Int: 23    God:    Sif Muna [***...]
Gold:   305        SH:  0    Dex: 12    Spells: 10/23 levels left

rFire   . . .        v - +1 rapier (drain)
rCold   . . .        (no shield)
rNeg    . . .        (helmet restricted)
rPois   +            s - amulet of the acrobat
rElec   .            d - +6 ring of strength
rCorr   .            m - ring of poison resistance
SInv    +            D - ring of see invisible
Will    .....        (no ring)
Stlth   +++++        (no ring)
HPRegen 0.29/turn    (no ring)
MPRegen 0.17/turn    (no ring)
                     (no ring)

%: acrobat
@: acrobatic
A: almost no armour, amphibious, 8 rings, camouflage 1, gelatinous body 1,
(nimble swimmer 1), tentacles
a: Renounce Religion, Channel Magic, Forget Spell


You were on level 8 of the Dungeon.
You worshipped Sif Muna.
Sif Muna was most pleased with you.
You visited 2 branches of the dungeon, and saw 9 of its levels.
You also visited: Sewer.

You collected 305 gold pieces.

Inventory:

Hand Weapons
 i - a +2 vampiric short sword
 t - a +2 mace of protection
 v - a +1 rapier of draining (weapon)
 P - a +1 short sword of distortion
Missiles
 b - a throwing net
 n - 9 curare-tipped darts
 r - 75 poisoned darts
 N - 3 javelins
Magical Staves
 x - a staff of fire
 A - a staff of air
 C - a staff of earth
Jewellery
 d - a +6 ring of strength (left tentacle)
 m - a ring of poison resistance (right tentacle)
 s - an amulet of the acrobat (around mantle)
 y - an amulet of faith
 D - a ring of see invisible (on tentacle)
 K - a ring of magical power
Wands
 u - a wand of roots (30)
 E - a wand of mindburst (25)
 Q - a wand of polymorph (4)
Scrolls
 e - 5 scrolls of teleportation
 h - 3 scrolls of poison
 k - a scroll of noise
 l - a scroll of amnesia
 o - 2 scrolls of fog
 q - a scroll of vulnerability
 F - a scroll of enchant armour {unknown}
 H - a scroll of enchant weapon {unknown}
 I - a scroll of immolation {unknown}
 J - a scroll of brand weapon {unknown}
 L - a scroll of fear {unknown}
 O - a scroll of blinking {unknown}
Potions
 a - a potion of magic
 c - 8 potions of curing
 f - 2 potions of resistance
 g - 2 potions of mutation
 j - 4 potions of attraction
 p - 2 potions of heal wounds
 w - 5 potions of brilliance
 z - a potion of might
 B - a potion of flight {unknown}
 G - a potion of haste {unknown}
 M - a potion of cancellation {unknown}


   Skills:
 + Level 7.5 Dodging
 + Level 10.7 Stealth
 + Level 7.0 Spellcasting
 + Level 8.3 Summonings


You had 10 spell levels left.
You knew the following spells:

 Your Spells              Type           Power      Damage    Failure   Level
a - Summon Small Mammal   Summ           100%       N/A       1%          1
b - Call Imp              Summ           92%        N/A       1%          2
c - Call Canine Familiar  Summ           46%        N/A       1%          3
d - Summon Guardian Gole  Hex/Summ       27%        N/A       4%          3
e - Summon Lightning Spi  Summ/Air       27%        N/A       14%         4

Your spell library contained the following spells:

 Spells                   Type           Power      Damage    Failure   Level
 Magic Dart               Conj           32%        1d4       8%          1
 Searing Ray              Conj           16%        2d5       12%         2
 Fulminant Prism          Conj/Hex       4%         3d5       58%         4


Dungeon Overview and Level Annotations

Branches:
Dungeon (8/15)             Temple (1/1) D:4           Sewer (visited)
   Lair: D:8-11

Altars:
Cheibriados
Dithmenos
Gozag
Hepliaklqana
Makhleb
Qazlal
Ru
Sif Muna
Trog
Uskayaw
Vehumet
Wu Jian
Xom
Zin
The Shining One

Shops:
D:6 [!   D:7 :

Annotations:
D:6 bairyn's ghost, novice SpRe


Innate Abilities, Weirdness & Mutations

You cannot wear most types of armour.
You are amphibious.
You can wear up to eight rings at the same time.
Your skin changes colour to match your surroundings (Stealth+).
Your rubbery body absorbs attacks. (AC +1, EV +1)
((You are camouflaged when in or above water. (Stealth+)))
You have tentacles for arms and can constrict up to eight enemies at once.


Message History

The wyvern closely misses you.
Casting: Call Imp (safe; 1% risk of failure)
Confirm with . or Enter, or press ? or * to list all spells.
Your cerulean imp hits the wyvern from afar with a +0 spear.
The wyvern closely misses you.
Casting: Call Canine Familiar (safe; 1% risk of failure)
Confirm with . or Enter, or press ? or * to list all spells.
A guardian golem appears, shielding your allies.
The wyvern hisses menacingly.
The wyvern closely misses you.
Your wolf closely misses the wyvern.
Your cerulean imp completely misses the wyvern.
The wyvern bites you!
You hit the wyvern. You drain the wyvern. Your squeeze misses the wyvern.
The wyvern is moderately wounded.
Your wolf bites the wyvern.
The wyvern completely misses you.
Your cerulean imp hits the wyvern but does no damage.
Your wolf bites the wyvern.
The steam dragon bites your wolf!
The steam dragon closely misses your wolf.
You barely miss the wyvern. Your squeeze misses the wyvern.
The wyvern is heavily wounded.
Your wolf closely misses the wyvern.
The wyvern bites you.
Your cerulean imp hits the wyvern from afar with a +0 spear.
Your wolf closely misses the wyvern.
The wyvern bites you!
Your cerulean imp hits the wyvern but does no damage.
You are too injured to fight recklessly!
You are too injured to fight recklessly!
You are too injured to fight recklessly!
You swap places.
Your wolf closely misses the wyvern.
The wyvern closely misses your cerulean imp.
Your wolf bites the wyvern!
The wyvern completely misses your cerulean imp.
Your cerulean imp hits the wyvern with a +0 spear.
Your wolf bites the wyvern.
The wyvern bites your cerulean imp! The steam dragon breathes steam at you.
The ball of steam hits you!!
* * * LOW HITPOINT WARNING * * *
Your wolf barely misses the wyvern.
Your cerulean imp closely misses the wyvern.
You are engulfed in a cloud of scalding steam.
You die...

........#
#.#.#.......
........##
#.#.#.######
...~~....)
#.#.#.#..
.........#
#.#.#.#
.........#
#.#.#.#
.......9.#
#...#.#
:....hlD.#
#.#<..#
$.....)5§#
#.#.####.#
########@#
####.#.......
#.#
#.†.).......#
#.#
#.##.########
#.# #.##.#
#.# #.##.#
#.# #.##.#
#.####.##.#
#......##.#
#########.#


You could see a steam dragon (catching breath), a wyvern (drained, ally target),
a friendly guardian golem (summoned), a friendly wolf (summoned, sheltered) and
a friendly cerulean imp (summoned, sheltered).

Vanquished Creatures
  The ghost of middlethird the Slasher, a novice FoNe (D:7)
  A water moccasin (D:7)
  A black bear (D:6)
  6 kobold brigands
  Blork the orc (D:6)
  3 bullfrogs
  A scorpion (D:6)
  A hound (D:6)
  2 jellies
  An iguana (D:6)
  2 orc wizards
  3 gnolls (D:4)
  10 adders
  A shadow imp (D:5)
  A white imp (D:7)
  3 worms (Sewer)
  3 dart slugs
  6 orcs
  8 ball pythons
  10 endoplasms
  3 giant cockroaches
  4 goblins
  6 hobgoblins
  4 jackals (D:2)
  9 kobolds
  6 quokkas
  5 bats
  A frilled lizard (D:1)
  7 rats
110 creatures vanquished.

Vanquished Creatures (collateral kills)
  A wyvern (D:8)
  A vampire mosquito (D:6)
  A water moccasin (D:7)
  A black bear (D:5)
  2 ogres
  An ice beast (D:8)
  5 kobold brigands (D:7)
  A phantom (D:4)
  3 scorpions
  5 killer bees (D:7)
  A gnoll bouda (D:4)
  3 hounds
  4 jellies
  Crazy Yiuf (D:7)
  2 orc priests
  An iguana (D:6)
  A sleepcap (D:5)
  Robin (D:3)
  2 gnolls (D:4)
  3 adders
  A river rat (Sewer)
  2 ufetubi
  2 worms
  12 orcs
  A ball python (Sewer)
  2 bats
  3 endoplasms
  4 giant cockroaches
  4 goblins
  6 hobgoblins
  13 kobolds
  A quokka (D:4)
  A frilled lizard (D:1)
  4 rats
96 creatures vanquished.

Vanquished Creatures (others)
  3 kobold brigands
3 creatures vanquished.

Grand Total: 209 creatures vanquished

Notes
Turn   | Place    | Note
-------+----------+-------------------------------------------
     0 | D:1      | javelincjr the Octopode Summoner began the quest for the
                  | Orb.
     0 | D:1      | Reached XP level 1. HP: 11/11 MP: 3/3
    68 | D:1      | Reached skill level 3 in Stealth
    68 | D:1      | Reached XP level 2. HP: 17/17 MP: 1/5
   334 | D:1      | Reached XP level 3. HP: 13/21 MP: 4/6
   350 | D:1      | Learned a level 2 spell: Call Imp
  1062 | D:2      | Reached XP level 4. HP: 21/27 MP: 2/7
  1180 | D:2      | Learned a level 3 spell: Call Canine Familiar
  1785 | D:2      | Found a faded altar of an unknown god.
  2072 | D:3      | Reached skill level 4 in Stealth
  2352 | D:3      | Noticed Robin
  2363 | D:3      | Reached XP level 5. HP: 26/31 MP: 4/9
  2389 | D:3      | Killed Robin
  3005 | D:4      | Found a sacrificial altar of Ru.
  3364 | D:4      | Found a staircase to the Ecumenical Temple.
  3370 | Temple   | Entered the Ecumenical Temple
  3447 | Temple   | Became a worshipper of Sif Muna the Loreminder
  3568 | D:4      | Reached XP level 6. HP: 19/36 MP: 4/10
  3657 | D:4      | Found a stormy altar of Qazlal.
  3756 | D:4      | Reached skill level 5 in Stealth
  3756 | D:4      | Reached skill level 5 in Summonings
  3849 | D:4      | Noticed an angel
  3851 | D:4      | Found a shimmering altar of Xom.
  3851 | D:4      | Found a glowing silver altar of Zin.
  4011 | D:5      | Entered Level 5 of the Dungeon
  4331 | D:5      | Reached XP level 7. HP: 23/41 MP: 12/12
  4492 | D:5      | HP: 2/41 [poisoned by a scorpion]
  4706 | D:5      | Reached skill level 6 in Stealth
  5003 | D:6      | Found Fasuf's Distillery.
  5068 | D:6      | Found Qoju's Armour Boutique.
  5076 | D:6      | Reached * piety under Sif Muna
  5085 | D:6      | Noticed Blork the orc
  5133 | D:6      | Killed Blork the orc
  5142 | D:6      | Found a glowing drain.
  5226 | D:6      | Found a runed translucent gate.
  5226 | D:6      | Found a runed translucent gate.
  5230 | D:6      | Noticed bairyn's ghost (novice SpRe)
  5230 | D:6      | Noticed a vampire mosquito
  5255 | Sewer    | Entered a sewer
  5345 | Sewer    | Reached XP level 8. HP: 46/46 MP: 14/14
  5400 | Sewer    | Reached skill level 7 in Stealth
  5676 | Sewer    | Reached skill level 5 in Dodging
  5938 | Sewer    | Reached ** piety under Sif Muna
  6190 | D:6      | Reached skill level 5 in Spellcasting
  6709 | D:6      | Reached skill level 8 in Stealth
  6930 | D:6      | Found a runed translucent gate.
  6988 | D:6      | Found a glowing golden altar of the Shining One.
  7048 | D:6      | Learned a level 3 spell: Summon Guardian Golem
  7053 | D:6      | Learned a level 4 spell: Summon Lightning Spire
  7069 | D:6      | HP: 1/46 [vampire mosquito (8)]
  7080 | D:6      | Reached XP level 9. HP: 14/51 MP: 2/17
  7638 | D:7      | Found Fuiher's Self-Improvement Boutique.
  7792 | D:7      | Reached skill level 9 in Stealth
  8054 | D:7      | Found a runed translucent gate.
  8054 | D:7      | Found a runed translucent gate.
  8056 | D:7      | Found a runed translucent gate.
  8057 | D:7      | Noticed middlethird's ghost (novice FoNe)
  8406 | D:7      | Found a runed translucent door.
  8407 | D:7      | Noticed Crazy Yiuf
  8413 | D:7      | Killed Crazy Yiuf
  8680 | D:7      | Reached *** piety under Sif Muna
  8897 | D:7      | Killed middlethird's ghost
  8898 | D:7      | Reached skill level 10 in Stealth
  8898 | D:7      | Reached XP level 10. HP: 24/56 MP: 6/20
  9469 | D:8      | Engulfed by a steam dragon's steam

Illustrated notes

Levels and vault maps discovered:
D:1:      dpeg_arrival_ternary, layout_rooms, serial_rivers,
          chequers_serial_rivers_micro_d, chequers_serial_rivers_micro_e,
          chequers_serial_rivers_large_a, chequers_serial_rivers_marsh,
          minmay_distorted
D:2:      layout_loops_corners, chequers_ecumenical_altar_lobes
D:3:      layout_basic, uniq_robin
D:4:      layout_rooms, nicolae_ru_sacrificial_ziggurat,
          grunt_temple_overflow_order_and_chaos_1, lemuel_doored_altar,
          temple_green
D:5:      layout_rooms
D:6:      nicolae_BIG_FREAKIN_CUBE, layout_loops_ring, tso_altar,
          gammafunk_ghost_split, gup_sewer_entry_glass, serial_shops,
          nicolae_shop_statue_plus, nicolae_stop_n_shop_2, hex_medium,
          uniq_blork_the_orc
D:7:      layout_loops_corners, gammafunk_ghost_nasty_kobolds,
          nicolae_shop_self_help, uniq_crazy_yiuf_cottage
D:8:      layout_basic, kennysheep_ying_yang, okawaru_metal_pillars_1_2,
          nicolae_ashenzari_skybound
Temple:   hellmonk_temple_flake

Skill      XL: |  1  2  3  4  5  6  7  8  9 10 |
---------------+-------------------------------+-----
Stealth        | 3 4 5 6 8 10 | 10.7
Dodging        | 3 4 5 7 |  7.5
Spellcasting   | 3 4 5 6 7 |  7.0
Summonings     | 5 6 8 |  8.3

Action                     |  1- 3 |  4- 6 |  7- 9 | 10-12 || total
---------------------------+-------+-------+-------+-------++-------
  Melee: Unarmed           |    31 |       |       |       ||    31
         Tentacles         |    15 |    13 |    27 |     3 ||    58
         Constrict         |    20 |    17 |    29 |     4 ||    70
         Short sword       |    31 |    34 |       |       ||    65
         Rapier            |       |    35 |    97 |    23 ||   155
         Mace              |       |     7 |       |       ||     7
         Punch             |       |       |     3 |       ||     3
   Cast: Summon Small Mamm |    18 |     9 |     3 |       ||    30
         Call Imp          |     5 |    16 |    29 |     3 ||    53
         Call Canine Famil |       |    14 |    38 |     4 ||    56
         Summon Lightning  |       |       |     4 |       ||     4
         Summon Guardian G |       |       |     2 |     2 ||     4
    Use: Scroll            |       |     4 |    10 |       ||    14
         Potion            |       |       |     3 |       ||     3
   Stab: Sleeping          |     6 |    11 |     9 |     1 ||    27
         Distracted        |       |     1 |     2 |       ||     3
 Armour: Skin              |     3 |     3 |     1 |       ||     7
  Dodge: Dodged            |    50 |    38 |    95 |    27 ||   210
